 Dungeon Crawl Stone Soup version 0.14-a0-1844-g8283a67 (webtiles) character file.

225 Deemzul the Skirmisher (level 4, -2/37 HPs)
             Began as a Demonspawn Fighter on Jan 11, 2014.
             Slain by an iguana (5 damage)
             ... on Level 4 of the Dungeon.
             The game lasted 00:02:19 (1411 turns).

Deemzul the Skirmisher (Demonspawn Fighter)         Turns: 1411, Time: 00:02:19

HP  -2/37        AC 10     Str 17      XL: 4   Next: 37%
MP   4/4         EV  4     Int 10      God:
Gold 132         SH 17     Dex 12      Spells:  0 memorised,  3 levels left

rFire  . . .     SeeInvis .     a - +0 hand axe
rCold  . . .     Clarity  .     i - +2 orc chain mail
rNeg   . . .     Conserve .     c - +0 shield
rPois  .         rCorr    .     (no helmet)
rElec  .         rRot     .     (no cloak)
SustAb . .       Spirit   .     (no gloves)
rMut   .         Warding  .     (no boots)
Saprov . . .     Stasis   .     (no amulet)
                                (no ring)
                                (no ring)

@: slightly resistant to hostile enchantments, extremely unstealthy
A: hooves 1, powered by pain 1, spiny 1
a: no special abilities


You were on level 4 of the Dungeon.
You were not hungry.

You visited 1 branch of the dungeon, and saw 4 of its levels.

You collected 132 gold pieces.

Inventory:

Hand weapons
 a - a +0,+0 hand axe (weapon)
Armour
 c - a +0 shield (worn)
 i - a +2 orcish chain mail (worn)
Comestibles
 b - a choko
 d - a bread ration
Scrolls
 g - a scroll of noise {unknown}
 h - 3 scrolls of identify {unknown}
 j - a scroll of amnesia {unknown}
 k - a scroll of remove curse {unknown}
 n - a scroll of blinking {unknown}
Potions
 e - 3 potions of resistance {unknown}
 f - 2 potions of agility {unknown}


   Skills:
 + Level 4.1 Fighting
 + Level 3.3 Axes
 - Level 2.6 Armour
 - Level 2.6 Shields


You had 3 spell levels left.
You didn't know any spells.

Dungeon Overview and Level Annotations

Branches:
Dungeon (4/16)
 Temple: D:4-7

Altars:
Okawaru
Sif Muna
Trog


Innate Abilities, Weirdness & Mutations

You have large cloven feet.
You sometimes gain a little power by taking damage.
You are partially covered in sharp spines.


Message History

You block the iguana's attack.
You hit the iguana. Your kick misses the iguana.
The iguana is severely wounded.
The iguana bites you.
* * * LOW HITPOINT WARNING * * *
Your chain mail prevents you from hitting the iguana.
Your kick misses the iguana.
The iguana is severely wounded.
The iguana closely misses you.
You barely miss the iguana.
The iguana is severely wounded.
The iguana bites you but does no damage.
You hit the iguana but do no damage.
The iguana is severely wounded.
The iguana bites you.
* * * LOW HITPOINT WARNING * * *
You hit the iguana but do no damage.
The iguana is severely wounded.
The iguana bites you.
You die...

#...)....#######.....#
##'####### #....<#
#...# ####'## ###.####
#.# #[...# ###.#
#######'## ##...#
#..<.....# #..###
#........# #.##
#....@...# #.[....#
#...l....+ #......#
#...<....# #......#
#........# #.......
#........# .......#
#........# #......#
#####+#### ###.### .


You could see an iguana.

Vanquished Creatures
  A worker ant (D:4)
  3 adders
  5 orcs (D:3)
  A giant cockroach (D:1)
  5 goblins
  6 hobgoblins
  4 jackals (D:1)
  2 ball pythons
  2 bats
  2 giant geckos
  A giant newt (D:3)
  2 kobolds
  An orc skeleton (D:4)
  5 rats
40 creatures vanquished.

Notes
Turn   | Place    | Note
--------------------------------------------------------------
     0 | D:1      | Deemzul, the Demonspawn Fighter, began the quest for the Orb.
     0 | D:1      | Reached XP level 1. HP: 18/18 MP: 1/1
   387 | D:1      | Gained mutation: You have large cloven feet. [demonic ancestry]
   387 | D:1      | Reached XP level 2. HP: 20/24 MP: 2/2
   611 | D:2      | Found a bloodstained altar of Trog.
   626 | D:2      | Found an iron altar of Okawaru.
   701 | D:2      | Found a deep blue altar of Sif Muna.
   712 | D:2      | Gained mutation: You sometimes gain a little power by taking damage. [demonic ancestry]
   712 | D:2      | Reached XP level 3. HP: 29/29 MP: 3/3
  1122 | D:3      | Gained mutation: You are partially covered in sharp spines. [demonic ancestry]
  1122 | D:3      | Reached XP level 4. HP: 37/37 MP: 4/4
  1138 | D:3      | Noticed a centaur
  1261 | D:4      | Reached skill level 4 in Fighting
  1411 | D:4      | Slain by an iguana

Action                   |  1- 3 |  4- 6 || total
-------------------------+-------+-------++-------
Melee: Hand axe          |    71 |    28 ||    99
